Map: Sludge City

Players

fox - Winner!

  • Race: Protoss Protoss
  • Spawn Location: 9:00

NeMo - Winner!

  • Race: Protoss Protoss
  • League: Silver
  • Spawn Location: 11:00

Huyman

  • Race: Terran Terran
  • Spawn Location: 5:00

Gracz

  • Race: Protoss Protoss
  • Spawn Location: 5:00

VOD

Have the link to the VOD?

Description

Time

  • Played on: March 5, 2016, 7:51 a.m.
  • Length: 16:49
Show
View Real Time Build Order
Export as new Build Order

fox Protoss - Winner!

Build Orders:  

Get SALT Encoding   

  12  0:03  Probe (Chrono Boost)  
  13  0:15  Probe (Chrono Boost)  
  14  0:24  Pylon  
  14  0:30  Probe (Chrono Boost)  
  15  0:42  Probe (Chrono Boost)  
  16  0:54  Probe (Chrono Boost)  
  17  1:00  Assimilator  
  17  1:05  Probe (Chrono Boost)  
  18  1:15  Probe (Chrono Boost)  
  18  1:23  Assimilator  
  18  1:26  Probe (Chrono Boost)  
  19  1:46  Probe (Chrono Boost)  
  20  1:57  Probe (Chrono Boost)  
  21  2:07  Probe (Chrono Boost)  
  22  2:18  Probe (Chrono Boost)  
  23  2:33  Pylon  
  23  2:39  Pylon  
  23  2:48  Forge  
  23  2:50  Gateway  
  24  2:51  Probe (Chrono Boost)  
  24  3:11  Nexus  
  24  3:25  Photon Cannon  
  24  3:28  Photon Cannon  
  24  3:32  Photon Cannon  
  24  3:36  Photon Cannon  
  24  3:39  Probe (Chrono Boost), Photon Cannon  
  25  3:42  Photon Cannon  
  25  3:47  Assimilator  
  25  3:50  Assimilator, Probe (Chrono Boost)  
  26  4:00  Probe (Chrono Boost)  
  27  4:03  Pylon  
  27  4:06  Pylon  
  27  4:11  Probe (Chrono Boost)  
  28  4:22  Probe (Chrono Boost)  
  29  4:27  Probe (Chrono Boost)  
  30  4:38  Probe x2 (Chrono Boost)  
  32  4:48  Probe x2 (Chrono Boost)  
  34  4:59  Probe x2 (Chrono Boost)  
  36  5:02  Photon Cannon  
  36  5:07  Photon Cannon  
  36  5:09  Probe (Chrono Boost)  
  36  5:10  Probe (Chrono Boost), Photon Cannon  
  36  5:13  Photon Cannon  
  38  5:20  Probe (Chrono Boost)  
  39  5:22  Pylon  
  39  5:28  Pylon  
  39  5:37  Cybernetics Core  
  39  6:23  Stargate  
  39  6:26  Stargate  
  39  6:32  Stargate  
  39  6:35  Stargate  
  39  6:42  Pylon  
  39  7:11  Fleet Beacon  
  39  7:57  Tempest x4, Nexus  
  55  8:40  Tempest x4  
  71  9:04  Assimilator  
  71  9:06  Assimilator  
  71  9:10  Probe (Chrono Boost)  
  72  9:20  Probe (Chrono Boost)  
  72  9:23  Tempest x4  
  90  9:31  Probe (Chrono Boost)  
  90  9:41  Probe (Chrono Boost)  
  91  9:52  Probe (Chrono Boost)  
  92  9:53  Protoss Air Armor Level 1  
  92  10:05  Tempest  
  92  10:06  Tempest x3  
  108  10:32  Probe (Chrono Boost)  
  109  11:00  Pylon  
  109  11:02  Pylon  
  109  11:04  Pylon  
  109  11:11  Nexus  
  109  11:16  Assimilator  
  109  11:17  Tempest x2  
  117  11:19  Assimilator  
  117  11:20  Tempest x2  
  125  11:47  Protoss Air Weapons Level 1  
  125  12:00  Tempest x2  
  133  12:23  Tempest  
  137  12:32  Pylon  
  137  12:33  Pylon  
  137  12:35  Pylon  
  137  12:39  Pylon  
  137  12:41  Pylon  
  137  12:42  Pylon  
  109  13:23  Tempest x4  
  125  14:05  Tempest  
  125  14:06  Tempest x3  
  141  14:48  Tempest x2  
  141  14:49  Tempest x2  
  157  15:31  Tempest x3  
  157  15:32  Tempest  
Show
View Real Time Build Order
Export as new Build Order

NeMo Protoss - Winner!

Build Orders: Oracle Opening 

Get SALT Encoding   

  12  0:02  Probe (Chrono Boost)  
  13  0:16  Probe (Chrono Boost)  
  14  0:21  Pylon  
  14  0:27  Probe (Chrono Boost)  
  15  0:43  Gateway  
  15  0:52  Assimilator  
  15  0:53  Probe (Chrono Boost)  
  16  1:03  Probe (Chrono Boost)  
  17  1:14  Pylon, Probe (Chrono Boost)  
  18  1:30  Cybernetics Core  
  18  1:33  Assimilator  
  18  1:34  Probe (Chrono Boost)  
  18  1:35  Zealot  
  21  1:45  Probe (Chrono Boost)  
  22  1:55  Probe (Chrono Boost)  
  23  2:03  Zealot  
  23  2:06  Probe (Chrono Boost)  
  23  2:07  Warp Gate  
  26  2:13  Pylon  
  26  2:27  Nexus  
  26  2:36  Pylon  
  26  2:40  Mothership Core (Chrono Boost)  
  28  2:54  Stargate  
  28  3:03  Twilight Council  
  28  3:10  Probe (Chrono Boost)  
  29  3:21  Probe (Chrono Boost)  
  30  3:31  Probe (Chrono Boost)  
  31  3:42  Probe (Chrono Boost)  
  31  3:47  Probe (Chrono Boost)  
  33  3:50  Oracle  
  33  3:52  Probe (Chrono Boost)  
  37  3:58  Probe (Chrono Boost)  
  38  4:03  Probe (Chrono Boost)  
  38  4:06  Gateway  
  38  4:09  Probe (Chrono Boost)  
  40  4:10  Gateway  
  40  4:15  Gateway  
  40  4:19  Probe (Chrono Boost)  
  40  4:21  Gateway  
  41  4:30  Probe (Chrono Boost)  
  42  4:47  Pylon  
  42  4:48  Probe (Chrono Boost)  
  42  4:50  Probe (Chrono Boost)  
  44  4:59  Probe (Chrono Boost)  
  42  5:00  Probe (Chrono Boost)  
  43  5:11  Probe (Chrono Boost)  
  44  5:15  Robotics Facility  
  44  5:25  Nexus  
  44  5:28  Pylon  
  44  5:31  Pylon  
  44  5:33  Pylon  
  44  5:43  Gateway  
  44  5:44  Gateway, Resonating Glaives  
  44  5:46  Gateway  
  44  5:50  Assimilator  
  44  5:54  Assimilator, Gateway  
  44  5:55  Pylon, Gateway  
  44  5:57  Probe (Chrono Boost)  
  45  5:59  Pylon  
  45  6:07  Probe (Chrono Boost)  
  46  6:15  Robotics Facility  
  46  6:17  Robotics Facility  
  46  6:18  Probe (Chrono Boost)  
  47  6:27  Phoenix  
  47  6:28  Forge  
  47  6:30  Forge  
  49  6:43  Probe (Chrono Boost)  
  49  6:46  Probe (Chrono Boost)  
  51  6:51  Phoenix  
  53  6:56  Probe (Chrono Boost)  
  54  7:06  Protoss Ground Weapons Level 1  
  54  7:07  Probe (Chrono Boost), Protoss Ground Armor Level 1  
  55  7:16  Phoenix  
  55  7:17  Probe (Chrono Boost)  
  58  7:25  Blink  
  58  7:28  Probe (Chrono Boost)  
  59  7:36  Stalker x3  
  65  7:37  Stalker x3  
  65  7:38  Stalker x2  
  65  7:39  Stalker  
  65  7:40  Stalker  
  79  7:45  Observer x2  
  79  7:49  Probe (Chrono Boost)  
  82  7:54  Assimilator  
  82  7:58  Assimilator  
  82  7:59  Probe (Chrono Boost)  
  83  8:06  Observer  
  83  8:10  Probe (Chrono Boost)  
  85  8:20  Probe (Chrono Boost)  
  86  8:31  Probe (Chrono Boost)  
  87  8:36  Immortal (Chrono Boost)  
  87  8:37  Immortal (Chrono Boost)  
  95  8:41  Probe  
  95  8:48  Adept x2  
  98  8:49  Adept x5  
  98  8:50  Adept x3  
  98  8:53  Probe  
  117  9:05  Probe  
  118  9:12  Immortal (Chrono Boost)  
  122  9:18  Probe  
  123  9:30  Probe  
  124  9:34  Pylon  
  124  9:38  Pylon  
  124  9:39  Pylon  
  124  9:41  Pylon x2  
  124  9:42  Probe  
  124  9:44  Pylon  
  125  9:47  Pylon  
  125  9:50  Nexus  
  125  9:53  Immortal (Chrono Boost)  
  125  9:54  Adept x2  
  125  9:57  Sentry x5  
  125  9:58  Sentry x2  
  147  10:02  Protoss Ground Weapons Level 2  
  147  10:04  Protoss Ground Armor Level 2  
  147  10:15  Photon Cannon  
  147  10:18  Photon Cannon  
  147  10:20  Photon Cannon  
  147  10:24  Photon Cannon  
  147  10:26  Photon Cannon  
  147  10:27  Void Ray  
  151  10:38  Warp Prism x2 (Chrono Boost)  
  155  11:00  Probe  
  156  11:09  Assimilator  
  156  11:10  Void Ray  
  156  11:11  Probe  
  160  11:14  Assimilator  
  161  11:21  Probe  
  162  11:32  Probe  
  162  11:37  Immortal (Chrono Boost)  
  162  11:38  Immortal (Chrono Boost)  
  171  11:42  Adept x5, Probe  
  171  11:43  Adept x5  
  192  11:53  Void Ray  
  194  12:24  Immortal (Chrono Boost)  
  194  12:26  Stalker  
  194  12:27  Stalker  
  196  12:34  Immortal (Chrono Boost)  
  196  12:35  Void Ray  
  164  12:53  Stalker  
  164  12:54  Stalker x4  
  164  12:55  Stalker x3  
  164  12:56  Stalker x2  
  138  14:17  Stalker x5  
  126  14:18  Stalker  
  126  14:19  Stalker x4  
  121  15:19  Adept  
  121  15:20  Adept x5  
  121  15:21  Adept x4  
  141  15:55  Stalker  
  141  15:56  Stalker x3  
  141  15:57  Stalker x5  
  151  15:58  Stalker  
Show
View Real Time Build Order
Export as new Build Order

Huyman Terran 

Build Orders: MMM Bio 

Get SALT Encoding   

  12  0:03  SCV  
  13  0:26  Supply Depot  
  13  0:44  SCV  
  14  0:54  Barracks  
  14  0:57  SCV  
  15  1:00  Supply Depot  
  15  1:09  SCV  
  16  1:21  SCV  
  16  1:25  Barracks  
  17  1:31  Barracks  
  17  1:33  SCV  
  18  1:45  SCV  
  19  1:47  Marine  
  20  1:57  SCV  
  20  1:58  Refinery  
  21  2:05  Marine  
  21  2:07  Refinery  
  22  2:09  SCV  
  23  2:21  SCV  
  23  2:22  Marine  
  24  2:23  Marine x2  
  24  2:25  Engineering Bay  
  27  2:33  SCV  
  28  2:40  Marine  
  29  2:49  Orbital Command  
  29  2:50  Marine  
  29  2:51  Marine  
  31  3:02  Supply Depot  
  31  3:23  Marine x2  
  31  3:24  Supply Depot  
  34  3:40  Barracks Tech Lab  
  33  3:41  Marine x2  
  33  3:47  Supply Depot  
  35  3:49  SCV  
  36  3:59  Marine  
  36  4:01  SCV  
  38  4:06  Command Center  
  38  4:10  Marine x2, Supply Depot  
  38  4:13  SCV  
  41  4:17  Marine  
  42  4:25  Combat Shields, SCV  
  42  4:26  Refinery  
  42  4:27  Refinery  
  43  4:33  Missile Turret  
  43  4:37  SCV  
  44  5:06  Marine x3  
  47  5:24  Marine x3  
  47  5:27  Sensor Tower  
  50  5:29  SCV  
  50  5:32  SCV  
  52  5:41  SCV  
  52  5:42  Marine x3  
  56  5:47  Factory  
  56  5:53  SCV  
  57  5:59  Marine x2  
  57  6:00  Marine  
  60  6:04  Stimpack  
  60  6:05  SCV  
  61  6:17  Marine x2, SCV  
  64  6:19  SCV  
  65  6:29  SCV  
  65  6:31  SCV  
  65  6:32  Starport  
  67  6:37  Barracks Reactor  
  67  6:39  Barracks Reactor  
  67  6:41  SCV  
  67  6:43  SCV  
  67  6:44  Terran Infantry Weapons Level 1  
  69  6:53  SCV  
  70  6:55  SCV  
  70  7:01  Command Center  
  71  7:03  Factory Tech Lab  
  71  7:06  SCV  
  71  7:07  Missile Turret, SCV  
  73  7:09  Starport  
  73  7:25  Siege Tank  
  73  7:28  Missile Turret  
  76  7:32  Medivac  
  78  7:53  Missile Turret  
  78  8:04  Starport Reactor  
  78  8:05  Concussive Shells  
  78  8:12  Marine x2, Medivac, Siege Tank  
  85  8:15  Missile Turret  
  85  8:25  Supply Depot  
  85  8:27  Supply Depot  
  85  8:49  Supply Depot  
  85  8:51  Supply Depot  
  85  8:52  Terran Infantry Armor Level 1  
  85  8:58  Marine x5  
  90  9:05  Medivac  
  90  9:06  Viking x2  
  96  9:16  Marine x5, Supply Depot  
  101  9:33  Marine  
  101  9:34  Marine x4  
  101  9:35  Viking  
  101  9:36  Medivac, Viking  
  112  9:38  Supply Depot  
  112  9:51  Marine  
  113  10:00  Orbital Command  
  113  10:05  Viking x2  
  113  10:06  Viking  
  119  10:27  Armory  
  119  10:32  Cyclone  
  119  10:35  Viking x2  
  124  10:36  Viking  
  128  10:45  Marauder  
  128  10:46  Building Armor, Marine x4  
  134  10:55  Supply Depot  
  134  11:04  Marine x4  
  134  11:05  Cyclone  
  141  11:15  Armory  
  141  11:16  Medivac, Viking, SCV  
  141  11:17  Marauder  
  148  11:21  Marine  
  148  11:24  Supply Depot  
  149  11:35  Viking  
  149  11:36  SCV  
  149  11:37  Cyclone  
  149  11:38  Marauder  
  157  11:48  Terran Vehicle And Ship Armor Level 1, SCV  
  157  11:49  Supply Depot  
  158  11:59  Marauder  
  158  12:00  SCV  
  161  12:05  Viking  
  163  12:12  SCV  
  164  12:21  Marauder  
  166  12:24  SCV  
  166  12:26  Hi-Sec Auto Tracking  
  167  12:35  Viking  
  167  12:36  SCV  
  170  12:48  SCV  
  65  13:16  Marine x2  
  65  13:17  Marine x2, Marauder  
  65  13:34  Marine x2, Thor  
  63  13:35  Marine x2  
  63  13:38  Marauder  
  75  13:42  Medivac  
  77  13:50  Orbital Command  
  77  13:52  Marine x3  
  77  13:53  Marine  
  81  14:00  Marauder  
  83  14:09  Marine  
  80  14:10  Marine x2  
  80  14:11  Marine  
  76  14:17  Thor  
  76  14:21  Marauder  
  82  14:43  Marauder  
  48  15:08  Marine x2  
  48  15:09  Marine  
  26  15:35  SCV  
  14  15:47  SCV  
  12  15:59  SCV  
  11  16:12  SCV  
  12  16:24  SCV  
Show
View Real Time Build Order
Export as new Build Order

Gracz Protoss 

Build Orders:  

Get SALT Encoding   

  12  0:02  Probe (Chrono Boost)  
  13  0:13  Probe (Chrono Boost)  
  14  0:23  Probe (Chrono Boost)  
  15  0:30  Pylon  
  15  0:34  Assimilator  
  15  0:48  Probe (Chrono Boost)  
  15  0:49  Pylon  
  16  0:58  Probe (Chrono Boost)  
  17  1:26  Gateway  
  17  1:29  Gateway  
  17  1:38  Gateway  
  17  1:56  Nexus  
  17  1:58  Probe (Chrono Boost)  
  18  2:21  Cybernetics Core  
  18  2:35  Pylon  
  18  2:40  Pylon  
  18  2:45  Assimilator  
  18  2:50  Assimilator  
  18  2:54  Gateway  
  18  3:00  Pylon  
  18  3:01  Warp Gate (Chrono Boost)  
  18  3:08  Probe  
  19  3:19  Probe  
  20  3:39  Sentry  
  20  3:40  Stalker, Gateway  
  24  3:45  Zealot  
  26  3:56  Stalker  
  26  3:58  Probe  
  29  4:09  Probe  
  30  4:22  Stalker  
  30  4:23  Stalker  
  34  4:31  Probe  
  34  4:32  Probe  
  36  4:42  Probe  
  36  4:44  Probe  
  38  4:52  Probe  
  38  4:53  Assimilator  
  38  4:56  Probe  
  40  5:03  Probe  
  41  5:08  Probe  
  41  5:13  Probe  
  42  5:20  Probe  
  44  5:24  Pylon  
  44  5:33  Gateway  
  44  5:34  Mothership Core (Chrono Boost)  
  46  5:41  Probe (Chrono Boost)  
  47  5:51  Probe (Chrono Boost)  
  48  6:02  Probe (Chrono Boost)  
  49  6:08  Forge  
  49  6:12  Probe (Chrono Boost)  
  49  6:15  Stalker x2  
  49  6:16  Stalker x3  
  60  6:48  Probe (Chrono Boost)  
  61  6:59  Probe (Chrono Boost)  
  62  7:02  Pylon  
  62  7:04  Stalker  
  62  7:05  Stalker x2  
  62  7:06  Stalker x2  
  62  7:07  Stalker  
  74  7:10  Probe (Chrono Boost)  
  75  7:42  Twilight Council  
  75  7:44  Stalker x4  
  77  7:45  Stalker  
  85  7:55  Pylon  
  85  8:02  Pylon  
  85  8:28  Nexus  
  85  8:36  Stargate x2  
  85  8:41  Stargate  
  85  8:42  Stargate  
  85  8:43  Stargate  
  85  8:48  Stargate  
  85  8:49  Stargate  
  85  8:59  Assimilator  
  85  9:04  Assimilator  
  85  9:27  Pylon  
  85  9:46  Fleet Beacon  
  85  9:51  Stalker x4  
  85  9:52  Stalker  
  95  9:53  Stalker  
  97  10:04  Void Ray x2  
  105  10:09  Probe (Chrono Boost)  
  106  10:20  Probe (Chrono Boost)  
  107  10:30  Probe (Chrono Boost)  
  107  10:31  Probe (Chrono Boost)  
  107  10:33  Probe (Chrono Boost)  
  110  10:41  Probe (Chrono Boost)  
  110  10:42  Probe (Chrono Boost)  
  118  10:44  Probe (Chrono Boost)  
  118  10:47  Pylon  
  119  10:52  Probe (Chrono Boost)  
  119  10:53  Robotics Facility  
  119  10:54  Robotics Facility  
  119  10:55  Robotics Facility  
  120  11:26  Stalker x4  
  120  11:27  Stalker x2  
  132  11:52  Pylon  
  132  11:53  Pylon  
  132  11:55  Pylon  
  132  11:59  Pylon  
  132  12:02  Pylon  
  132  12:06  Pylon  
  84  13:14  Void Ray x3  
  84  13:15  Void Ray x4  
  84  13:18  Stalker x3  
  104  13:20  Stalker  
  78  13:57  Void Ray x3  
  78  13:59  Stalker  
  78  14:00  Stalker x5  
  50  14:33  Void Ray x2  
  55  14:39  Stalker x2  
  55  14:42  Zealot x3  
  33  16:30  Robotics Facility  
Tags
 
Add a new tag
Caveats
  • Supply blocks, unpowered buildings, or Contaminate may cause inaccurate times.
  • Supply counts are checked every 10 seconds.